 Dungeon Crawl Stone Soup version 0.27-a0-1200-g94dc6ad4cf (webtiles) character file.

Game seed: 9389927106917254390

7 robertstho the Skirmisher (level 1, 0/30 HPs)
             Began as a Minotaur Berserker on June 1, 2021.
             Was a Follower of Trog.
             Slain by a kobold
             ... wielding a +2 short sword of electrocution
              (2 damage)
             ... on level 1 of the Dungeon.
             The game lasted 00:00:19 (172 turns).

robertstho the Skirmisher (Minotaur Berserker)       Turns: 172, Time: 00:00:20

Health: 0/30       AC:  2    Str: 21    XL:     1   Next: 83%
Magic:  0/0        EV: 12    Int:  4    God:    Trog [*.....]
Gold:   24         SH:  0    Dex:  9    Spells: 0/0 levels left

rFire    . . .     SeeInvis .   a - +0 falchion
rCold    . . .     Faith    .   (no shield)
rNeg     . . .     Spirit   .   b - +0 animal skin
rPois    .         Reflect  .   (helmet restricted)
rElec    .         Harm     .   (no cloak)
rCorr    .         Rampage  .   (no gloves)
Will     .....                  (no boots)
Stlth    ..........             (no amulet)
HPRegen  0.10/turn              (no ring)
MPRegen  0.07/turn              (no ring)

@: berserking (expiring), very quick
A: horns 2, retaliatory headbutt
a: Renounce Religion, Berserk


You were on level 1 of the Dungeon.
You worshipped Trog.
Trog was aware of your devotion.
You visited 1 branch of the dungeon, and saw 1 of its levels.

You collected 24 gold pieces.

Inventory:

Hand Weapons
 a - a +0 falchion (weapon)
Armour
 b - a +0 animal skin (worn)
Scrolls
 c - a scroll of identify {unknown}


   Skills:
 * Level 3.9 Fighting
 + Level 3.8 Long Blades
 + Level 2.4 Armour
 * Level 2.3 Dodging


You couldn't memorise any spells.
You didn't know any spells.
Your spell library was empty.

Dungeon Overview and Level Annotations

Branches:
Dungeon (1/15)

Altars:


Innate Abilities, Weirdness & Mutations

You have a pair of horns on your head.
You reflexively headbutt those who attack you in melee.


Message History

A kobold is nearby!
A kobold is nearby!
Found 9 gold pieces.
The kobold hits you with a +2 short sword of electrocution.
You are electrocuted!
Ouch! That really hurt!
Found a chain mail.
You are too injured to fight recklessly!
You are too injured to fight recklessly!
You are too injured to fight recklessly!
You are too injured to fight recklessly!
You are too injured to fight recklessly!
You are too injured to fight recklessly!
You are too injured to fight recklessly!
You are too injured to fight recklessly!
You are too injured to fight recklessly!
You are too injured to fight recklessly!
You are too injured to fight recklessly!
A red film seems to cover your vision as you go berserk!
You feel yourself moving faster!
You feel mighty!
The kobold hits you with a +2 short sword of electrocution.
You closely miss the kobold. You closely miss the kobold.
The kobold closely misses you.
You riposte.
You barely miss the kobold. You closely miss the kobold.
You barely miss the kobold. You headbutt the kobold.
The kobold is moderately wounded.
The kobold completely misses you.
You miss the kobold.
The kobold is moderately wounded.
The kobold hits you with a +2 short sword of electrocution!
* * * LOW HITPOINT WARNING * * *
You closely miss the kobold. Your headbutt misses the kobold.
The kobold is moderately wounded.
The kobold hits you with a +2 short sword of electrocution.
* * * LOW HITPOINT WARNING * * *
You closely miss the kobold. Your headbutt misses the kobold.
The kobold is moderately wounded.
The kobold hits you with a +2 short sword of electrocution.
You die...

.............#
.............#
.............##
.......#####.#.#
.......##....#..####
.......##....#...$.
##.. ......#
#.#..#....#... ####
#.##.##.K.[##
###...# #@# .###
#.....# #.##...#
#.....# #...#
#.....# ###.#
###...#####.##.#
#.#...#........#
#)#.).#.########
##....#.# #...#.#.#


You could see a kobold.

Vanquished Creatures
  A ball python (D:1)
  An endoplasm (D:1)
  A goblin (D:1)
  A hobgoblin (D:1)
  A quokka (D:1)
5 creatures vanquished.

Notes
Turn   | Place    | Note
-------+----------+-------------------------------------------
     0 | D:1      | robertstho the Minotaur Berserker began the quest for the
                  | Orb.
     0 | D:1      | Reached XP level 1. HP: 19/19 MP: 0/0
   172 | D:1      | Slain by a kobold

Illustrated notes

Levels and vault maps discovered:
D:1:      saegor_arrival_fortress, layout_rooms, minmay_misc_feat_rugged,
          hangedman_decor_opposing

Action                   || total
-------------------------++-------
Melee: Falchion          ||    16
       Headbutt          ||     2
Invok: Berserk           ||     1
Armor: Animal skin       ||     3
Dodge: Dodged            ||     9
       Rpst.: Falchion   ||     3

Table legend: (Time is in decaauts)
 A = Elapsed time spent in this place.
 B = Non-inter-level travel time spent in this place.
 C = Inter-level travel time spent in this place.
 D = Time resting spent in this place.
 E = Time spent auto-exploring this place.
 F = Levels seen in this place.
 G = Mean time per level.
                   A        B        C        D        E       F      G
               +--------+--------+--------+--------+--------+-----+--------+
         Total |    171 |    171 |      0 |      0 |    136 |   1 |  171.0 |
       Dungeon |    171 |    171 |      0 |      0 |    136 |   1 |  171.0 |
               +--------+--------+--------+--------+--------+-----+--------+

Top non-repeatable levels by time:
     D:1: 171 daAuts
